 Dungeon Crawl Stone Soup version 0.31-a0-188-g5e087ee2ca (webtiles) character file.

Game seed: 4423902889981673168

165 qw the Skirmisher (level 5, -2/29 HPs)
             Began as a Deep Elf Hunter on June 23, 2023.
             Slain by a kobold brigand
             ... wielding a +0 dagger
              (4 damage)
             ... on level 4 of the Dungeon.
             The game lasted 00:00:56 (2999 turns).

qw the Skirmisher (Deep Elf Hunter)                 Turns: 2999, Time: 00:00:56

Health: -2/29      AC:  6    Str: 10      XL:     5   Next: 22%
Magic:  7/7        EV:  9    Int: 13 (14) God:
Gold:   164        SH:  0    Dex: 18      Spells: 4/4 levels left

rFire   + . .        Y - +0 shortbow
rCold   . . .        (shield currently unavailable)
rNeg    . . .        h - +0 scale mail
rPois   .            (helmet restricted)
rElec   .            (no cloak)
rCorr   .            (no gloves)
SInv    .            (no boots)
Will    .....        (no amulet)
Stlth   +            e - ring of protection from fire
HPRegen 0.24/turn    (no ring)
MPRegen 0.10/turn

%: no passive effects
@: lethally poisoned (-2 -> -4), about to teleport
A: horns 1, deterioration 1
a: no special abilities


You were on level 4 of the Dungeon.
You visited 1 branch of the dungeon, and saw 4 of its levels.

You collected 164 gold pieces.


Innate Abilities, Weirdness & Mutations

You have a pair of small horns on your head.
Your body sometimes deteriorates upon taking damage.


   Skills:
 - Level 1.5 Fighting
 + Level 8.7 Ranged Weapons
 - Level 2.4 Dodging
 - Level 1.2 Stealth


You had 4 spell levels left.
You didn't know any spells.
Your spell library was empty.

Inventory:

Hand Weapons
 Y - a +0 shortbow (weapon)
Armour
 h - a +0 scale mail (worn)
 j - a +0 cloak
Jewellery
 e - a ring of protection from fire (left hand)
Scrolls
 a - 2 scrolls of identify
Potions
 b - a potion of degeneration {unknown}
 d - 2 potions of curing {unknown}
 f - 2 potions of might {unknown}
 g - a potion of invisibility {unknown}
 i - a potion of lignification {unknown}
 k - 2 potions of mutation

Dungeon Overview and Level Annotations

Branches:
Dungeon (4/15)
 Temple: D:4-7

Altars:
Gozag


Message History

The poisoned dart hits you.
You are poisoned.
Enter note:
Enter note:
Enter note:
Enter note:
Enter note:
Enter note:
2993 ||| Stepping ~*~*~tactically~*~*~ (water).
You feel sick.
A sky beast comes into view.
You shoot an arrow. The arrow barely misses the sky beast.
You feel sick.
The kobold brigand throws a poisoned dart.
The poisoned dart hits you!
You are more poisoned.
You shoot an arrow. The arrow closely misses the sky beast.
You feel very sick.
You shoot an arrow.
The arrow hits the sky beast but does no damage.
You feel very sick. The sky beast barely misses you. The sky beast hits you.
The sky beast shocks you.
You shoot an arrow. The arrow hits the sky beast.
The sky beast is lightly wounded.
You feel sick. The sky beast barely misses you.
You shoot an arrow. The arrow closely misses the sky beast.
You feel sick.
The kobold brigand hits you but does no damage.
The sky beast flickers out of sight!
Deactivating autopickup; reactivate with Ctrl-A.
Something hits you. Something shocks you.
Your body deteriorates!
You feel dopey.
The kobold brigand hits you with a +0 dagger.
2999 ||| READING scroll of teleportation.
As you read the scroll of teleportation, it crumbles to dust.
You feel strangely unstable.
You feel sick. Something hits you but does no damage.
The kobold brigand hits you with a +0 dagger.
You die...

###### ########## ###~~~~##
#~~~~....####
#########..~##~~#####~##~~##.....
....~~~~...~~##~~~~~~~~##~~#####.
###.~##~~)~~~~############~~~~~~.
.###~~##~######.#~.# ######~~
###..~~###.#.#.#@{#.# ### #
#...~'..~.~...#K.~.#
#.#~~###.#.#.#.#..#.# ##
#.~~##~######..~#.:~.# #####~ #
#.~##~~~~~~~##############~~~~~
###.)~~~#..~~##~~~~~##~~~~~~~....
.##.###.#.#~##~~##~##~~###...#...
..#.)......~~~~###~~~~.#####.....
..)####...##########....####.....


You could see a kobold brigand.

Vanquished Creatures
  2 jellies (D:4)
  4 adders
  2 worms
  A dart slug (D:4)
  4 endoplasms
  6 giant cockroaches
  12 goblins
  2 hobgoblins (D:3)
  A quokka (D:4)
  11 ball pythons
  7 bats
  2 frilled lizards (D:3)
  5 kobolds
  4 rats
63 creatures vanquished.

Notes
Turn   | Place    | Note
-------+----------+-------------------------------------------
     0 | D:1      | qw the Deep Elf Hunter began the quest for the Orb.
     0 | D:1      | Reached XP level 1. HP: 12/12 MP: 3/3
     0 | D:1      | 0 ||| qw: Version: 0.3-a-9-g12657ce
     0 | D:1      | 0 ||| qw: Game counter: 3411
     0 | D:1      | 0 ||| qw: Always use a shield: true
     0 | D:1      | 0 ||| qw: God list: Okawaru
     0 | D:1      | 0 ||| qw: Allow faded altars: false
     0 | D:1      | 0 ||| qw: Do Orc after D:15 true
     0 | D:1      | 0 ||| qw: Do second Lair branch before Depths: true
     0 | D:1      | 0 ||| qw: Lair rune preference: random
     0 | D:1      | 0 ||| qw: Plans: Normal
     0 | D:1      | 0 ||| PLANNING D:1-11
   359 | D:1      | Reached skill level 6 in Ranged Weapons
   359 | D:1      | Reached XP level 2. HP: 16/16 MP: 4/4
   728 | D:1      | Found a faded altar of an unknown god.
   929 | D:1      | 929 ||| UPGRADING to +0 scale mail.
   939 | D:1      | 939 ||| DROPPING +0 leather armour.
   940 | D:1      | 940 ||| UPGRADING to ring of protection from fire.
   941 | D:1      | 941 ||| READING 3 scrolls labelled KUOKOB JAKOSCH.
   942 | D:1      | 942 ||| READING scroll labelled AWUUNA MUUT.
   943 | D:1      | 943 ||| READING scroll labelled JYOMNE WUTHETH.
   944 | D:1      | 944 ||| READING scroll labelled VOCSOF SAIMA.
   945 | D:1      | 945 ||| READING 2 scrolls of identify.
   945 | D:1      | 945 ||| IDENTIFYING puce potion
   946 | D:1      | 946 ||| DROPPING scroll of butterflies.
   947 | D:1      | 947 ||| DROPPING potion of brilliance.
  1230 | D:2      | Reached XP level 3. HP: 17/20 MP: 5/5
  1310 | D:2      | Found an opulent altar of Gozag.
  1414 | D:2      | 1414 ||| DROPPING ring of magical power.
  1415 | D:2      | 1415 ||| READING scroll labelled PUALIB WAHE.
  1416 | D:2      | 1416 ||| DRINKING 3 smoky coppery potions.
  1416 | D:2      | Gained mutation: You have a pair of small horns on your
                  | head. [potion of mutation]
  1416 | D:2      | Gained mutation: Your body sometimes deteriorates upon
                  | taking damage. [potion of mutation]
  1433 | D:2      | Reached skill level 7 in Ranged Weapons
  1690 | D:2      | 1690 ||| READING scroll labelled XUOLORCH JIHAPE.
  2399 | D:3      | 2399 ||| READING 3 scrolls labelled ROIBBA NAONA.
  2400 | D:3      | 2400 ||| DROPPING 2 scrolls of revelation.
  2436 | D:4      | 2436 ||| STAIRDANCE
  2553 | D:4      | Reached XP level 4. HP: 25/25 MP: 6/6
  2626 | D:4      | Reached skill level 8 in Ranged Weapons
  2785 | D:4      | Reached XP level 5. HP: 29/29 MP: 7/7
  2993 | D:4      | 2993 ||| Stepping ~*~*~tactically~*~*~ (water).
  2993 | D:4      | Noticed a sky beast
  2998 | D:4      | HP: 4/29 [something (5)]
  2999 | D:4      | 2999 ||| READING scroll of teleportation.
  2999 | D:4      | Slain by a kobold brigand

Levels and vault maps discovered:
D:1:      scummos_arrival_simple_fountains, layout_basic,
          ebering_ecumenical_altar_hall
D:2:      kb_forest_paths, layout_loops_ring, basic_altar,
          kennysheep_decorative_pillar
D:3:      layout_loops_ring
D:4:      layout_loops_corners, trog_book, temple_statues, minmay_manual_mullet

Skill      XL: |  1  2  3  4 |
---------------+-------------+-----
Ranged Weapons | 6 7 8 |  8.7
Fighting       | |  1.5
Dodging        | |  2.4
Stealth        | |  1.2

Action                     |  1- 3 |  4- 6 || total
---------------------------+-------+-------++-------
   Fire: Shortbow          |   138 |    53 ||   191
    Use: Scroll            |     8 |     1 ||     9
         Potion            |     1 |       ||     1
 Armour: Leather armour    |    10 |       ||    10
         Scale mail        |    27 |    19 ||    46
  Dodge: Dodged            |    36 |    15 ||    51

Table legend:
 A = Non-vault XP
 B = Vault XP
 C = Vault XP percentage of total XP
 D = Non-vault monster count
 E = Vault monster count
 F = Vault count percentage of total count
                 A         B        C        D         E       F
            +---------+---------+-------+---------+---------+-------
      Total |     195 |      42 |  17.7 |      54 |       9 |  14.3
            +---------+---------+-------+---------+---------+-------
        D:1 |      24 |       0 |   0.0 |      16 |       0 |   0.0
        D:2 |      36 |      11 |  23.4 |      14 |       6 |  30.0
        D:3 |      18 |       0 |   0.0 |      10 |       0 |   0.0
        D:4 |     117 |      31 |  20.9 |      14 |       3 |  17.6
            +---------+---------+-------+---------+---------+-------
